 Dungeon Crawl Stone Soup version 0.19-a0-1193-g2641e52 (webtiles) character file.

2308 Duffy the Cleaver (level 9, 68/68 HPs)
             Began as a Minotaur Gladiator on Aug 19, 2016.
             Quit the game on level 1 of the Abyss.
             The game lasted 00:04:38 (6135 turns).

Duffy the Cleaver (Minotaur Gladiator)              Turns: 6135, Time: 00:04:39

Health: 68/68      AC: 12    Str: 20    XL:     9   Next: 18%
Magic:  8/8        EV:  7    Int:  5    God:
Gold:   190        SH:  0    Dex: 14    Spells: 0 memorised, 8 levels left

rFire  . . .     SeeInvis .     a - +0 war axe
rCold  . . .     Gourm    .     t - +0 plate armour
rNeg   . . .     Faith    .     (no shield)
rPois  .         Spirit   +     c - +0 hat
rElec  .         Dismiss  .     (no cloak)
rCorr  .         Reflect  .     (no gloves)
MR     .....     Harm     .     (no boots)
Stlth  ..........               i - amulet of guardian spirit
                                (no ring)
                                (no ring)

@: no status effects
A: retaliatory headbutt, horns 2
a: no special abilities


You were on level 1 of the Abyss.
You were not hungry.

You visited 1 branch of the dungeon, and saw 7 of its levels.
You visited the Abyss 1 time.

You collected 190 gold pieces.

Inventory:

Hand Weapons
 a - a +0 war axe (weapon)
Missiles
 d - 3 throwing nets (quivered)
Armour
 b - a +0 leather armour
 c - a +0 hat (worn)
 g - a +0 ring mail
 t - a +0 plate armour (worn)
Jewellery
 i - an amulet of guardian spirit (around neck)
 s - the ring "Plog" {rF+ rN++, unknown}
   (You found it on level 5 of the Dungeon)

   [ring of protection from fire]

   It protects you from fire.
   It greatly protects you from negative energy.
Wands
 D - a wand of flame (28/48)
Scrolls
 e - a scroll of amnesia {unknown}
 j - 3 scrolls of remove curse {unknown}
 k - 2 scrolls of noise {unknown}
 p - 4 scrolls of blinking {unknown}
 w - 3 scrolls of enchant armour {unknown}
 x - 2 scrolls of magic mapping {unknown}
 y - 2 scrolls of teleportation {unknown}
 A - 2 scrolls of identify {unknown}
 B - a scroll of fear {unknown}
Potions
 h - a potion of degeneration {unknown}
 l - 2 potions of agility
 n - 2 potions of heal wounds {unknown}
 q - 2 potions of curing {unknown}
 r - a potion of cure mutation {unknown}
Comestibles
 f - 4 bread rations
 m - 2 beef jerkies
 o - 2 meat rations
 u - a royal jelly
 v - a slice of pizza
 z - 4 fruits


   Skills:
 - Level 2.4 Fighting
 + Level 13.4 Axes
 - Level 2.0 Throwing
 + Level 5.5 Armour
 - Level 3.2 Dodging


You had 8 spell levels left.
You didn't know any spells.

Dungeon Overview and Level Annotations

Branches:
Dungeon (7/15)
 Temple: D:4-7

Altars:
Vehumet

Shops:
D:5 (

Annotations:
D:7 Duffy's ghost, novice DgGl


Innate Abilities, Weirdness & Mutations

You reflexively headbutt those who attack you in melee.
You have a pair of horns on your head.


Message History

No target in view!
f - 4 bread rations (gained 1)
Found a stone staircase leading up.
y - 2 scrolls labeled GUNGEW XAQAR (gained 1)
There is an open door here.
A kobold comes into view.
The kobold shouts!
The kobold throws a stone.
The stone hits you but does no damage.
A goblin comes into view. It is wielding a dagger of distortion.
You see here a stone.
The goblin shouts!
A bat comes into view.
The goblin hits you but does no damage.
You are cast into the Abyss!
To return, you must find a gate leading back.
Killing monsters will force the Abyss to allow you passage.
This branch contains the abyssal rune of Zot.
Found a robe and 27 stones.
Unknown command.
Are you sure you want to abandon this character and quit the game? (Confirm with "yes".)

...... .....
.... . ...##..
. .....#. ...
.......
.....###...#..#
.[...'.@...'...
.(...###...#...
... #### .


There were no monsters in sight!

Vanquished Creatures
  Pikel (D:5)
  An ice beast (D:5)
  An orc warrior (D:7)
  A slave (D:5)
  3 phantoms
  The ghost of PeterLawrence the Shield-Bearer, an amateur MiFi (D:3)
  An ogre (D:5)
  A centaur (D:6)
  2 giant frogs (D:6)
  A wyvern zombie (D:6)
  3 scorpions
  A crimson imp (D:7)
  2 howler monkeys
  A giant frog skeleton (D:4)
  A jelly (D:6)
  An orc priest (D:6)
  2 centaur skeletons
  A hound (D:7)
  4 orc wizards
  An iguana (D:4)
  6 worker ants
  Ijyb (D:3)
  A worker ant zombie (D:7)
  Robin (D:3)
  3 gnolls (D:3)
  10 adders
  3 shadow imps
  An ooze (D:6)
  7 worms
  A dart slug (D:5)
  2 giant geckos
  10 orcs
  2 bats (D:3)
  5 giant cockroaches
  9 goblins
  7 hobgoblins
  4 jackals (D:5)
  3 kobolds
  3 quokkas
  3 ball pythons
  A giant gecko zombie (D:6)
  5 giant newts
  A quokka zombie (D:5)
  2 rats
121 creatures vanquished.

Notes
Turn   | Place    | Note
-------+----------+-------------------------------------------
     0 | D:1      | Duffy the Minotaur Gladiator began the quest for the Orb.
     0 | D:1      | Reached XP level 1. HP: 18/18 MP: 0/0
    57 | D:1      | Reached skill level 4 in Axes
   112 | D:2      | Reached XP level 2. HP: 24/25 MP: 1/1
   444 | D:3      | Reached skill level 5 in Axes
   444 | D:3      | Reached XP level 3. HP: 23/30 MP: 2/2
   716 | D:3      | Noticed Robin
   724 | D:3      | Reached XP level 4. HP: 31/37 MP: 3/3
   729 | D:3      | Killed Robin
   729 | D:3      | Reached skill level 6 in Axes
   988 | D:4      | Noticed a phantom
  1007 | D:4      | Killed a phantom
  1007 | D:4      | Reached skill level 7 in Axes
  1007 | D:4      | Reached XP level 5. HP: 30/42 MP: 2/4
  1141 | D:5      | Entered Level 5 of the Dungeon
  1141 | D:5      | Found a radiant altar of Vehumet.
  1290 | D:4      | Reached skill level 8 in Axes
  1365 | D:4      | Reached XP level 6. HP: 42/50 MP: 3/5
  1757 | D:5      | Found Xousiw's Weapon Emporium.
  1758 | D:5      | Noticed an ice beast
  1763 | D:5      | Reached skill level 9 in Axes
  1784 | D:5      | Killed an ice beast
  1784 | D:5      | Reached XP level 7. HP: 8/56 MP: 2/6
  2095 | D:5      | Noticed Pikel
  2408 | D:5      | Killed Pikel
  2408 | D:5      | Reached skill level 11 in Axes
  2622 | D:5      | Got a bound brass ring
  2771 | D:5      | Reached XP level 8. HP: 53/62 MP: 5/7
  2878 | D:6      | Reached skill level 12 in Axes
  3177 | D:6      | Reached skill level 1 in Armour
  3798 | D:7      | Reached skill level 13 in Axes
  3961 | D:7      | Noticed Duffy's ghost (novice DgGl)
  4937 | D:5      | Reached XP level 9. HP: 68/68 MP: 8/8
  5087 | D:5      | Reached skill level 5 in Armour
  5374 | D:3      | Noticed Ijyb
  5385 | D:3      | Killed Ijyb
  5496 | D:3      | Noticed PeterLawrence's ghost (amateur MiFi)
  5505 | D:3      | Killed PeterLawrence's ghost
  6134 | D:2      | Cast into level 1 of the Abyss (goblin)
  6135 | Abyss:1  | Quit the game

Vault maps used:
D:1:      minmay_arrival_checkered_box, corexii_corridor_pit
D:2:      first_bread, minmay_misc_feat_pillars, kennysheep_path_1
D:3:      uniq_iyjb, uniq_robin
D:4:      glass_columns_a
D:5:      serial_shops, shop_fountains, basic_altar, uniq_pikel

Skill      XL: |  1  2  3  4  5  6  7  8  9 |
---------------+----------------------------+-----
Axes           | 4 5 7 8 9 11 13 | 13.4
Armour         | 4 5 |  5.5
Fighting       | |  2.4
Throwing       | |  2.0
Dodging        | |  3.2

Action                   |  1- 3 |  4- 6 |  7- 9 || total
-------------------------+-------+-------+-------++-------
Melee: War axe           |    44 |    54 |   253 ||   351
       Headbutt          |     5 |     9 |    65 ||    79
  Eat: Chunk             |       |     3 |    12 ||    15
       Pizza             |       |       |     1 ||     1
Armor: Ring mail         |    20 |    10 |    10 ||    40
       Leather armour    |     5 |       |       ||     5
       Plate armour      |       |       |   129 ||   129
Dodge: Dodged            |    28 |    30 |    87 ||   145
